 Dungeon Crawl Stone Soup version 0.19-a0-27-g415f530 (webtiles) character file.

5401 M4edhros the Martial Artist (level 10, -1/76 HPs)
             Began as a Vampire Monk on May 1, 2016.
             Was a Priest of Pakellas.
             Shot with an arrow by a centaur (3 damage)
             ... led by a centaur warrior
             ... on level 13 of the Dungeon.
             The game lasted 00:16:30 (2468 turns).

M4edhros the Martial Artist (Vampire Monk)          Turns: 2468, Time: 00:16:31

Health: -1/76      AC: 13    Str: 13    XL:     10   Next: 40%
Magic:  6/16       EV: 11    Int: 12    God:    Pakellas [***...]
Gold:   70         SH:  0    Dex: 23    Spells: 0 memorised, 9 levels left

rFire  + . .     SeeInvis +       - Unarmed
rCold  + . .     Gourm    .     n - +0 plate armour
rNeg   . . .     Faith    .     (no shield)
rPois  +         Spirit   .     p - +2 helmet of Anarchy {rC+}
rElec  .         Dismiss  .     (no cloak)
rCorr  .         Reflect  .     (no gloves)
SustAt .         Harm     .     (no boots)
MR     +....     Clarity  +     (no amulet)
Stlth  ..........               (no ring)
                                d - ring "Rycsump" {rPois rF+}

@: agile, regenerating very quickly, somewhat resistant to hostile enchantments,
extremely unstealthy
A: fangs 3, see invisible, clarity, unbreathing
a: Quick Charge, Device Surge, Renounce Religion


You were on level 13 of the Dungeon.
You worshipped Pakellas.
Pakellas was most pleased with you.
You were almost alive.

You visited 2 branches of the dungeon, and saw 14 of its levels.

You collected 175 gold pieces.
You spent 105 gold pieces at shops.

Inventory:

Missiles
 g - 55 poisoned needles
 y - 2 curare-tipped needles
Armour
 n - a +0 plate armour (worn)
 p - the +2 helmet of Anarchy (worn) {rC+}
   (You found it on level 7 of the Dungeon)

   It protects you from cold.
 z - a +2 robe of cold resistance
Jewellery
 d - the ring "Rycsump" (left hand) {rPois rF+}
   (You found it on level 6 of the Dungeon)

   [ring of poison resistance]

   It protects you from fire.
   It protects you from poison.
 t - an uncursed ring of ice
 u - an uncursed ring of ice
Wands
 h - a wand of flame (0/48)
 r - a wand of random effects (9/48)
 w - a wand of slowing (20/48)
Scrolls
 a - a scroll of enchant weapon {unknown}
 b - 2 scrolls of teleportation
 c - a scroll of amnesia
 j - 2 scrolls of fog {unknown}
 l - 2 scrolls of recharging
 m - 3 scrolls of enchant armour
 o - a scroll of random uselessness {unknown}
 q - a scroll of immolation {unknown}
 v - a scroll of magic mapping {unknown}
Potions
 e - 14 potions of blood
 i - a potion of curing
 k - a potion of might
Miscellaneous
 s - a sack of spiders {used: 8}


   Skills:
 + Level 5.8 Fighting
 + Level 7.1 Dodging
 - Level 3.0 Stealth
 - Level 11.0 Unarmed Combat
 * Level 8.7 Evocations


You had 9 spell levels left.
You didn't know any spells.

Dungeon Overview and Level Annotations

Branches:
Dungeon (12/15)            Temple (1/1) D:7
   Lair: D:8-11         Orc: D:9-12

Altars:
Elyvilon
Kikubaaqudgha
Nemelex Xobeh
Pakellas
Ru
Trog
Yredelemnul
The Shining One
Lugonu

Shops:
D:8 ?

Annotations:
D:5 heinrich's ghost, novice OpEE


Innate Abilities, Weirdness & Mutations

Your natural rate of healing is extremely fast.
You have razor-sharp teeth.
You have supernaturally acute eyesight.
You can survive without breathing.
You possess an exceptional clarity of mind.


Message History

The centaur unwields an uncursed whip.
The centaur wields a shortbow.
The centaur shoots an arrow.
The arrow hits you!
* * * LOW HITPOINT WARNING * * *
You see here 2 arrows.
Read which item? (? for menu, Esc to quit)
Okay, then.
Drink which item? (? for menu, Esc to quit)
You feel much better.
The centaur wields a shortbow.
The centaur shoots an arrow.
The arrow hits you.
The centaur warrior shoots an arrow.
The arrow hits you!!
* * * LOW HITPOINT WARNING * * *
The centaur shoots an arrow.
The arrow barely misses you.
Drink which item? (? for menu, Esc to quit)
You feel agile all of a sudden.
The centaur shoots an arrow.
The arrow hits you but does no damage.
The centaur warrior shoots an arrow.
The arrow barely misses you.
The centaur shoots an arrow.
The arrow hits you but does no damage.
The centaur shoots an arrow.
The arrow hits you.
You die...
Pakellas says: That's one more possible approach eliminated.

# #.####. .# #..#..# ..
..# #.....# ...
...##.....## ....
...........## #....
........#...# #.....
#.......# .## ###...cc.
##......##..###........
##....s...#.....@.....c.
...........s...###...#..
..............# ..#
......###....## ##
........#.....#
...##.........# .##
##...[....# #
#...###...# #).## .###


You could see a centaur warrior, 2 centaurs and a friendly redback.

Vanquished Creatures
  A hill giant (D:11)
  3 kobold demonologists
  A troll (D:9)
  A yak (D:11)
  A vampire (D:8)
  A wraith (D:13)
  A black bear (D:7)
  2 orc warriors
  4 centaurs
  2 giant frogs (D:8)
  3 big kobolds (D:12)
  A howler monkey (D:5)
  A centaur skeleton (D:7)
  A hound (D:5)
  4 orc priests
  5 orc wizards
  An iguana (D:10)
  3 worker ants
  8 gnolls
  4 adders
  An ooze (D:7)
  An adder skeleton (D:8)
  A worm (D:2)
  A dart slug (D:1)
  2 giant geckos
  11 orcs
  4 giant cockroaches
  2 goblins
  6 hobgoblins
  5 jackals (D:2)
  2 quokkas
  4 bats
  3 giant newts
  A jackal skeleton (D:6)
  5 kobolds
  A quokka skeleton (D:8)
  3 rats
101 creatures vanquished.

Vanquished Creatures (collateral kills)
  Erolcha (D:8)
  2 hill giants (D:12)
  A kobold demonologist (D:13)
  3 wraiths (D:13)
  2 yaks (D:11)
  An ice beast (D:13)
  A big kobold (D:13)
  A killer bee zombie (D:8)
  An adder skeleton (D:7)
  3 kobolds
16 creatures vanquished.

Vanquished Creatures (others)
  Josephine (D:13)
  An orc wizard (D:9)
  A fire vortex (D:12)
3 creatures vanquished.

Grand Total: 120 creatures vanquished

Notes
Turn   | Place    | Note
--------------------------------------------------------------
     0 | D:1      | M4edhros the Vampire Monk began the quest for the Orb.
     0 | D:1      | Reached XP level 1. HP: 17/17 MP: 1/1
   137 | D:1      | Reached XP level 2. HP: 21/23 MP: 2/2
   163 | D:2      | Reached skill level 5 in Unarmed Combat
   174 | D:2      | Found a white marble altar of Elyvilon.
   267 | D:2      | Reached XP level 3. HP: 22/28 MP: 3/3
   532 | D:3      | Gained mutation: You possess an exceptional clarity of mind. [potion of beneficial mutation]
   537 | D:3      | Reached skill level 6 in Unarmed Combat
   537 | D:3      | Reached XP level 4. HP: 33/34 MP: 4/4
   707 | D:4      | Reached skill level 7 in Unarmed Combat
   707 | D:4      | Reached XP level 5. HP: 29/39 MP: 5/5
   749 | D:5      | Entered Level 5 of the Dungeon
   891 | D:5      | Reached skill level 8 in Unarmed Combat
   891 | D:5      | Reached XP level 6. HP: 19/46 MP: 6/6
   894 | D:5      | Noticed heinrich's ghost (novice OpEE)
   912 | D:6      | Got a fine jade ring
   913 | D:6      | Identified the ring "Rycsump" {rPois rF+} (You found it on level 6 of the Dungeon)
  1145 | D:8      | Reached skill level 9 in Unarmed Combat
  1212 | D:8      | Reached XP level 7. HP: 50/51 MP: 7/7
  1367 | D:8      | Reached skill level 10 in Unarmed Combat
  1393 | D:8      | Found Obicsoyf's Magic Scroll Shop.
  1395 | D:8      | Noticed a vampire
  1482 | D:8      | Bought a scroll of enchant armour for 105 gold pieces
  1499 | D:7      | Got a slimy helmet
  1505 | D:7      | Identified the +2 helmet of Anarchy {rC+} (You found it on level 7 of the Dungeon)
  1540 | D:7      | Found a staircase to the Ecumenical Temple.
  1557 | Temple   | Entered the Ecumenical Temple
  1579 | Temple   | Became a worshipper of Pakellas the Inventive
  1579 | Temple   | Reached * piety under Pakellas
  1579 | Temple   | Received a gift from Pakellas
  1579 | Temple   | Reached ** piety under Pakellas
  1579 | Temple   | Received a gift from Pakellas
  1643 | D:7      | Reached skill level 1 in Evocations
  1700 | D:8      | Killed a vampire
  1700 | D:8      | Reached XP level 8. HP: 40/57 MP: 7/9
  1748 | D:8      | Noticed Erolcha
  1761 | D:8      | Killed Erolcha
  1761 | D:8      | Reached skill level 11 in Unarmed Combat
  1870 | D:9      | Noticed a troll
  1887 | D:9      | Killed a troll
  1887 | D:9      | Reached skill level 5 in Evocations
  1919 | D:10     | Entered Level 10 of the Dungeon
  2011 | D:11     | Reached XP level 9. HP: 49/64 MP: 11/13
  2096 | D:11     | Noticed a hill giant
  2133 | D:11     | Killed a hill giant
  2133 | D:11     | Reached skill level 5 in Dodging
  2188 | D:12     | Noticed a hill giant
  2195 | D:12     | HP: 3/66 [hill giant/giant spiked club (34)]
  2196 | D:12     | Noticed a kobold demonologist
  2202 | D:12     | Noticed a kobold demonologist
  2206 | D:12     | Killed a kobold demonologist
  2211 | D:12     | Noticed a hill giant
  2220 | D:12     | Killed a hill giant
  2224 | D:12     | Killed a hill giant
  2224 | D:12     | Reached skill level 5 in Fighting
  2231 | D:12     | Killed a kobold demonologist
  2274 | D:12     | Reached XP level 10. HP: 21/74 MP: 15/15
  2360 | D:12     | Reached *** piety under Pakellas
  2360 | D:12     | Received a gift from Pakellas
  2379 | D:12     | You fall through a shaft!
  2390 | D:13     | Noticed Josephine
  2418 | D:13     | Killed Josephine
  2466 | D:13     | Noticed a centaur warrior
  2467 | D:13     | HP: 2/76 [centaur warrior/arrow (22)]
  2468 | D:13     | Shot with an arrow by a centaur

Vault maps used:
D:1:      dpeg_arrival_oval, st_stairs_14
D:2:      lemuel_round_altar, hex_intersection
D:3:      minmay_misc_feat_cross
D:4:      mumra_celtic_spiral_tile, nicolae_gozag_seed_capital,
          lemuel_crystal_altar, serial_shops, nicolae_shop_statue_plus,
          first_bread, minivault_5, uniq_edmund, uniq_grinder
D:5:      slow_altar_1, grunt_temple_overflow_diamond, lemuel_blue_sif_altar
D:6:      lemuel_crystal_altar
D:7:      minmay_temple_entry_statues, grunt_livestock,
          kennysheep_generic_room_9
D:8:      grunt_temple_overflow_lords_of_destruction, serial_shops,
          nicolae_shop_crystal, hangedman_abyss_or_decor_stagger,
          grunt_ministairs_11, kb_lookout_dungeons_type, minmay_strange_pillars,
          uniq_erolcha
D:9:      xom_confusion_cloud, fedhas_bush_and_centaur_altar
D:10:     david_orc_1_choice
D:11:     erik_lair_orcish_takeover, hangedman_decor_growths,
          johnstein_pakellas_shop
D:12:     minmay_quarter_circles, kennysheep_small_spiral
D:13:     erik_vaults_1, uniq_josephine
Temple:   corrupted_temple

Skill      XL: |  1  2  3  4  5  6  7  8  9 10 |
---------------+-------------------------------+-----
Unarmed Combat | 5 6 7 8 9 10 11 | 11.0
Evocations     | 2 5 7 8 |  8.7
Fighting       | 3 5 |  5.8
Dodging        | 4 6 7 |  7.1
Stealth        | |  3.0

Action                   |  1- 3 |  4- 6 |  7- 9 | 10-12 || total
-------------------------+-------+-------+-------+-------++-------
Melee: Unarmed           |    94 |   125 |   214 |    55 ||   488
       Punch             |     4 |       |     5 |       ||     9
       Bite              |     6 |    14 |    25 |     9 ||    54
Invok: Device Surge      |       |       |       |     1 ||     1
       Quick Charge      |       |       |       |     1 ||     1
Evoke: Sack of spiders   |       |       |     7 |     2 ||     9
       Wand              |       |       |    22 |     2 ||    24
  Use: Potion            |    11 |     5 |    10 |     4 ||    30
       Scroll            |     2 |     5 |     2 |       ||     9
 Stab: Sleeping          |     6 |       |       |       ||     6
       Distracted        |       |     1 |       |     2 ||     3
       Paralysed         |       |       |       |     4 ||     4
Armor: Scale mail        |    26 |       |       |       ||    26
       Robe              |     1 |    13 |       |       ||    14
       Plate armour      |       |    52 |   171 |    33 ||   256
Dodge: Dodged            |    48 |    49 |    43 |    14 ||   154
